 Dungeon Crawl Stone Soup version 0.19.0 (webtiles) character file.

2358 PrincessPwny the Spear-Bearer (level 9, -4/70 HPs)
             Began as a Minotaur Berserker on Nov 13, 2016.
             Was a High Priest of Trog.
             Slain by a hornet (7 damage)
             ... while paralysed by a hornet
             ... on level 7 of the Dungeon.
             The game lasted 00:15:01 (6660 turns).

PrincessPwny the Spear-Bearer (Minotaur Berserker)  Turns: 6660, Time: 00:15:01

Health: -4/70      AC:  8    Str: 25    XL:     9   Next: 20%
Magic:  8/8        EV:  2    Int:  4    God:    Trog [*****.]
Gold:   344        SH:  0    Dex: 10    Spells: 0 memorised, 8 levels left

rFire  . . .     SeeInvis .     p - +0 halberd
rCold  . . .     Gourm    .     i - +0 ring mail
rNeg   . . .     Faith    .     (shield currently unavailable)
rPois  .         Spirit   .     q - +1 hat
rElec  .         Reflect  .     s - +0 cloak
rCorr  .         Harm     .     (no gloves)
MR     +....                    j - +0 pair of boots
Stlth  ..........               (no amulet)
                                (no ring)
                                t - ring of protection from magic

@: paralysed, lethally poisoned (-4 -> -16), slowed
A: retaliatory headbutt, horns 2
a: Berserk, Trog's Hand, Brothers in Arms, Burn Spellbooks, Renounce Religion


You were on level 7 of the Dungeon.
You worshipped Trog.
Trog was extremely pleased with you.
You were not hungry.

You visited 1 branch of the dungeon, and saw 7 of its levels.

You collected 344 gold pieces.

Inventory:

Hand Weapons
 p - a +0 halberd (weapon)
Armour
 b - a +0 ring mail
 i - a +0 ring mail (worn)
 j - a +0 pair of boots (worn)
 q - a +1 hat (worn)
 s - a +0 cloak (worn)
Jewellery
 t - a ring of protection from magic (left hand)
Wands
 x - a wand of lightning (7/15)
Scrolls
 e - a scroll of blinking
 m - 2 scrolls of teleportation
 n - 2 scrolls of remove curse {@r2}
 r - 3 scrolls of fear
 y - a scroll of enchant armour
 B - a scroll of identify {@r1}
Potions
 f - 2 potions of flight
 g - a potion of cure mutation
 h - a potion of agility
 k - 2 potions of curing {@q1}
 l - 2 potions of heal wounds
 u - a potion of magic {unknown}
 v - a potion of degeneration {unknown}
 z - 3 potions of resistance {unknown}
 C - a potion of ambrosia {unknown}
Comestibles
 a - 4 meat rations
 c - 4 bread rations
 d - 4 slices of pizza
 o - 6 fruits
 w - 3 chunks of flesh
 A - a beef jerky


   Skills:
 - Level 3.6 Fighting
 * Level 14.4 Polearms
 - Level 2.4 Armour
 - Level 2.1 Dodging


You had 8 spell levels left.
You didn't know any spells.

Dungeon Overview and Level Annotations

Branches:
Dungeon (7/15)             Temple (0/1) D:7

Altars:
Dithmenos
Nemelex Xobeh
Ru
Sif Muna
Uskayaw
Zin

Shops:
D:5 !


Innate Abilities, Weirdness & Mutations

You reflexively headbutt those who attack you in melee.
You have a pair of horns on your head.


Message History

You are too injured to fight recklessly!
You puncture the hornet! You headbutt the hornet!
The hornet is severely wounded.
You feel sick. The hornet stings you!
You feel as though you will be slow longer.
The hornet stings you!
* * * LOW HITPOINT WARNING * * *
You feel as though you will be slow longer.
You barely miss the hornet.
The hornet is severely wounded.
You feel sick. The hornet stings you.
* * * LOW HITPOINT WARNING * * *
You are more poisoned.
You feel as though you will be slow longer.
The hornet stings you!
* * * LOW HITPOINT WARNING * * *
You suddenly lose the ability to move!
* * * LOW HITPOINT WARNING * * *
You feel sick. The hornet stings you!
You die...

##.## ##.##..## #..#
##. ##.## #....## #..#
## ##.## #...## ##.## #
##.###...# ##.##
##......## ##.###
#.......### ##..## #
##........### ##..#
#######..........###..#
##.##
..........###...@y....#
#..# .........##
########..# ##.##
#####....### ##..#
##.....##### ### ##.###
# ###.......## #.#
##.## ## #######..##
#.###.## ##. # ###.##
#....## ##.. ######
##.###....# #))#
.##..## ##..#...##
##.##


You could see a hornet.

Vanquished Creatures
  A hippogriff (D:7)
  A water moccasin (D:7)
  An ice beast (D:6)
  3 sky beasts
  2 centaurs
  A big kobold (D:7)
  The ghost of Aviraven the Cutter, an amateur SpAK of Lugonu (D:4)
  Blork the orc (D:4)
  3 bullfrogs
  2 scorpions (D:4)
  A water moccasin skeleton (D:5)
  A howler monkey (D:6)
  2 hounds
  6 orc wizards
  2 jellies
  3 orc priests
  A centaur skeleton (D:5)
  2 iguanas
  6 worker ants
  A worker ant zombie (D:7)
  8 gnolls
  9 adders
  A howler monkey skeleton (D:3)
  4 shadow imps
  2 oozes
  6 worms
  2 dart slugs
  4 leopard geckos
  22 orcs
  2 ball pythons
  13 bats
  6 giant cockroaches
  6 goblins
  9 hobgoblins
  12 jackals
  4 quokkas
  8 frilled lizards
  A giant cockroach zombie (D:5)
  A jackal zombie (D:7)
  10 kobolds
  A quokka zombie (D:7)
  13 rats
185 creatures vanquished.

Notes
Turn   | Place    | Note
-------+----------+-------------------------------------------
     0 | D:1      | PrincessPwny the Minotaur Berserker began the quest for the Orb.
     0 | D:1      | Reached XP level 1. HP: 19/19 MP: 0/0
   138 | D:1      | Reached skill level 4 in Polearms
   155 | D:1      | Reached XP level 2. HP: 4/26 MP: 1/1
   536 | D:1      | Reached skill level 5 in Polearms
   585 | D:1      | Reached XP level 3. HP: 31/31 MP: 2/2
   714 | D:1      | Reached ** piety under Trog
  1640 | D:2      | Reached XP level 4. HP: 39/39 MP: 3/3
  1682 | D:2      | Found a sacrificial altar of Ru.
  1742 | D:2      | Reached skill level 6 in Polearms
  2367 | D:3      | Found a faded altar of an unknown god.
  2505 | D:3      | Reached XP level 5. HP: 45/45 MP: 4/4
  2509 | D:3      | Reached skill level 7 in Polearms
  2595 | D:3      | Reached *** piety under Trog
  2929 | D:4      | Reached skill level 8 in Polearms
  2941 | D:4      | Reached XP level 6. HP: 51/51 MP: 5/5
  3013 | D:4      | Noticed a sky beast
  3014 | D:4      | Noticed Aviraven's ghost (amateur SpAK)
  3017 | D:4      | Killed a sky beast
  3017 | D:4      | Reached skill level 9 in Polearms
  3020 | D:4      | Killed Aviraven's ghost
  3080 | D:4      | Noticed Blork the orc
  3082 | D:4      | Killed Blork the orc
  3082 | D:4      | Reached XP level 7. HP: 52/57 MP: 6/6
  3275 | D:4      | Reached skill level 10 in Polearms
  3640 | D:5      | Entered Level 5 of the Dungeon
  3675 | D:5      | Reached **** piety under Trog
  3676 | D:5      | Reached skill level 11 in Polearms
  4030 | D:5      | Reached XP level 8. HP: 64/64 MP: 7/7
  4080 | D:5      | Found Tenum's Distillery.
  4180 | D:5      | Reached skill level 12 in Polearms
  4493 | D:5      | Found a sparkling altar of Nemelex Xobeh.
  4493 | D:5      | Found a hide-covered altar of Uskayaw.
  4568 | D:6      | Found a glowing silver altar of Zin.
  5002 | D:6      | Reached skill level 13 in Polearms
  5117 | D:6      | Found a shadowy altar of Dithmenos.
  5292 | D:6      | Reached ***** piety under Trog
  5578 | D:6      | Found a deep blue altar of Sif Muna.
  5863 | D:7      | Noticed a hippogriff
  5868 | D:7      | Killed a hippogriff
  5868 | D:7      | Reached skill level 14 in Polearms
  5868 | D:7      | Reached XP level 9. HP: 70/70 MP: 8/8
  6307 | D:7      | Found a staircase to the Ecumenical Temple.
  6659 | D:7      | Paralysed by a hornet for 2 turns
  6660 | D:7      | HP: 3/70 [poisoned by a hornet]
  6660 | D:7      | Slain by a hornet

Skill      XL: |  1  2  3  4  5  6  7  8 |
---------------+-------------------------+-----
Polearms       | 4 5 6 8 9 11 14 | 14.4
Fighting       | |  3.6
Armour         | |  2.4
Dodging        | |  2.1

Action                   |  1- 3 |  4- 6 |  7- 9 || total
-------------------------+-------+-------+-------++-------
Melee: Spear             |   102 |    83 |       ||   185
       Headbutt          |     9 |    34 |    29 ||    72
       Halberd           |       |    75 |   234 ||   309
Invok: Burn Spellbooks   |     1 |       |     1 ||     2
       Berserk           |       |     2 |     5 ||     7
  Use: Scroll            |     5 |     3 |     6 ||    14
 Stab: Sleeping          |     1 |       |       ||     1
  Eat: Chunk             |     2 |     7 |    15 ||    24
       Fruit             |       |       |     1 ||     1
Armor: Animal skin       |     8 |       |       ||     8
       Ring mail         |     3 |    33 |    66 ||   102
Dodge: Dodged            |    40 |    66 |   102 ||   208
